 Dungeon Sprint DCSS version 0.28-a0-1190-g77e1c55843 (webtiles) character file.

Game seed: 12236893026412025179

10777 rocky1 the Basher (level 11, -9/76 HPs)
             Began as a Gargoyle Fighter on Dec 19, 2021.
             Was a High Priest of Okawaru.
             Killed from afar by a merfolk aquamancer (37 damage)
             ... with a ball of steam
             ... in the Dungeon (Sprint VII: "The Pits").
             The game lasted 00:16:41 (3046 turns).

rocky1 the Basher (Gargoyle Fighter)                Turns: 3046, Time: 00:16:41

Health: -9/76      AC: 37    Str: 23    XL:     11   Next: 67%
Magic:  19/19      EV: 12    Int: 14    God:    Okawaru [*****.]
Gold:   19         SH: 11    Dex: 11    Spells: 10/10 levels left

rFire   . . .      SeeInvis .   a - +2 war axe (vorpal)
rCold   . . .      Faith    .   d - +3 warlock's mirror {reflect}
rNeg    + . .      Spirit   .   r - +3 plate armour
rPois   ∞          Reflect  +   w - +0 helmet {Int+3}
rElec   +          Harm     .   u - +0 cloak
rCorr   .          Rampage  .   (no gloves)
Will    .....      NoTele   +   q - +0 pair of boots
Stlth   ..........              (no amulet)
HPRegen 0.22/turn               n - +3 ring of intelligence
MPRegen 0.16/turn               o - +3 ring of protection

@: heroic, finesse-ful, engulfed, slowed, very slow
A: sickness immunity, AC +8, negative energy resistance 1, electricity
resistance, torment resistance 1, petrification resistance
a: Renounce Religion, Heroism, Finesse


You were in the Dungeon.
You worshipped Okawaru.
Okawaru was extremely pleased with you.
You visited 1 branch You collected 19 gold pieces.

Inventory:

Hand Weapons
 a - a +2 vorpal war axe (weapon)
 b - a +2 scimitar of holy wrath
 m - a +2 vorpal flail
 v - a +2 hunting sling of flaming
Armour
 c - a +0 buckler
 d - the +3 warlock's mirror (worn) {reflect}
   (Okawaru gifted it to you in the Dungeon)

   It can block and reflect piercing ranged attacks and magical attacks against
   the wielder's willpower.
 q - a +0 pair of boots (worn)
 r - a +3 plate armour (worn)
 u - a +0 cloak (worn)
 w - a +0 helmet of intelligence (worn)
Jewellery
 n - a +3 ring of intelligence (left hand)
 o - a +3 ring of protection (right hand)
Wands
 s - a wand of polymorph (9)
Scrolls
 j - a scroll of blinking
 l - 5 scrolls of amnesia
Potions
 e - 6 potions of heal wounds
 f - 8 potions of curing
 g - a potion of haste
 h - 4 potions of magic
 i - 3 potions of berserk rage
 k - 2 potions of invisibility
 p - a potion of resistance
 t - a potion of degeneration {unknown}


   Skills:
 + Level 12.1(17.1) Fighting
 + Level 8.4(16.8) Axes
 - Level 14.1(20.1) Maces & Flails
 + Level 12.0(17.0) Armour
 + Level 9.1(14.1) Dodging
 + Level 12.3(17.3) Shields
 + Level 11.6 Invocations


You had 10 spell levels left.
You didn't know any spells.
Your spell library was empty.

Dungeon Overview and Level Annotations

Branches:
Dungeon (1/1)

Altars:
Ashenzari
Cheibriados
Dithmenos
Elyvilon
Fedhas
Gozag
Hepliaklqana
Kikubaaqudgha
Makhleb
Nemelex Xobeh
Okawaru
Qazlal
Ru
Sif Muna
Trog
Uskayaw
Vehumet
Wu Jian
Xom
Yredelemnul
Zin
The Shining One
Beogh
Jiyva
Lugonu


Innate Abilities, Weirdness & Mutations

You are immune to sickness and miasma.
Your stone body is resilient. (AC +8)
You are immune to poison.
You resist negative energy. (rN+)
You are resistant to electric shocks. (rElec)
You are resistant to unholy torment.
You are immune to petrification.


Message History

You slash the water elemental! The death cob hits you!
The death cob drains your vigour!
You feel as though you will be slow longer.
The merfolk hits you but does no damage.
The death cob hits you. The death cob drains your vigour!
You feel as though you will be slow longer.
You block the water elemental's attack.
You slash the death cob!
The death cob is almost destroyed.
You hit the water elemental. The death cob hits you!
* * * LOW HITPOINT WARNING * * *
You closely miss the death cob.
The death cob is almost destroyed.
You barely miss the water elemental. The death cob hits you!
* * * LOW HITPOINT WARNING * * *
The death cob drains your vigour!
You feel as though you will be slow longer.
The merfolk closely misses you. The water elemental barely misses you.
You feel much better. The death cob completely misses you.
You block the death cob's attack. x2
The wind drake flaps its wings at you. The air twists around and strikes you.
The merfolk hits you but does no damage.
The water elemental hits you!
* * * LOW HITPOINT WARNING * * *
The water elemental engulfs you in water!
The death cob barely misses you. The wind drake misses you.
Okay, then.
You feel much better.
The death cob hits you but does no damage.
The death cob barely misses you. You block the merfolk's attack.
The water elemental closely misses you. You block the death cob's attack.
The merfolk aquamancer mumbles some strange words.
The merfolk aquamancer blinks!
The wind drake barely misses you.
The merfolk hits you but does no damage.
The death cob hits you but does no damage.
The water elemental hits you.
The merfolk aquamancer casts a spell at you.
The ball of steam hits you!!!
You die... .##''################ ### .##..#..............###..# . .##..##..............#..# .# .##..####..)#'######...# Ws.

.##..#..#####.##...##'## E#m#
.##..#....##...#...#...# .D..E
.##..')...†#...#.§)#...#......
###..'....†'††.'kE.'.E.'......
###..'....†#.†.#@zm#...#......
[##..#....##...#.§.#..÷#


..kkY [##..#..#####.##..m##÷## .#.# )##..####...#'######...# ..Y
)##..##..............#..# Y# )##..#..........)...###..# . #####################
### You could see a death cob, a merfolk aquamancer, a wind drake (repels
missiles), a merfolk and 2 water elementals.

Vanquished Creatures
  A death knight (D)
  A shadow wraith (D)
  A flayed ghost (D)
  A lindwurm (D)
  A harpy (shapeshifter) (D)
  A deep elf pyromancer (D)
  2 elephants (D)
  Maurice (D)
  A guardian serpent (D)
  2 smoke demons (D)
  An orange demon (D)
  A black mamba (D)
  2 hellwings (D)
  A polar bear (D)
  7 dream sheep (D)
  5 blink frogs (D)
  2 flying skulls (D)
  A redback (D)
  A water elemental (D)
  A shadow (D)
  2 wyverns (D)
  2 wraiths (D)
  A fire bat (D)
  An acid dragon (D)
  A necrophage (D)
  6 wolves (D)
  A scorpion (D)
  3 wights (D)
  A quasit (D)
  An orc priest (D)
  A hell rat (D)
  2 river rats (D)
  A white imp (D)
  An ufetubus (D)
  2 orcs (D)
  2 ball pythons (D)
  2 bats (D)
  An endoplasm (D)
  2 goblins (D)
  A hobgoblin (D)
  11 jackals (D)
  A quokka (D)
  A frilled lizard (D)
  2 kobolds (D)
83 creatures vanquished.

Vanquished Creatures (others)
  A jackal (D)
1 creature vanquished.

Grand Total: 84 creatures vanquished

Notes
Turn   | Place    | Note
-------+----------+-------------------------------------------
     0 | D        | rocky1 the Gargoyle Fighter began the quest for the Orb.
     0 | D        | Reached XP level 1. HP: 14/14 MP: 1/1
    18 | D        | Reached skill level 3 in Maces & Flails
    23 | D        | Reached skill level 4 in Maces & Flails
    28 | D        | Found a bloodstained altar of Trog.
    28 | D        | Found a shimmering blue altar of Sif Muna.
    28 | D        | Found a viscous altar of Jiyva.
    28 | D        | Found a hazy altar of Hepliaklqana.
    28 | D        | Found an opulent altar of Gozag.
    29 | D        | Found a glowing golden altar of the Shining One.
    29 | D        | Found a glowing silver altar of Zin.
    29 | D        | Found a basalt altar of Yredelemnul.
    29 | D        | Found a shimmering altar of Xom.
    29 | D        | Found an ornate altar of the Wu Jian Council.
    29 | D        | Found a sacrificial altar of Ru.
    29 | D        | Found a stormy altar of Qazlal.
    29 | D        | Found an iron altar of Okawaru.
    29 | D        | Found a sparkling altar of Nemelex Xobeh.
    29 | D        | Found a burning altar of Makhleb.
    29 | D        | Found a blossoming altar of Fedhas.
    29 | D        | Found a white marble altar of Elyvilon.
    29 | D        | Found a shadowy altar of Dithmenos.
    29 | D        | Found a snail-covered altar of Cheibriados.
    31 | D        | Found a radiant altar of Vehumet.
    31 | D        | Found a corrupted altar of Lugonu.
    32 | D        | Found a hide-covered altar of Uskayaw.
    32 | D        | Found an ancient bone altar of Kikubaaqudgha.
    32 | D        | Found a broken altar of Ashenzari.
    39 | D        | Became a worshipper of Warmaster Okawaru
    78 | D        | Reached skill level 5 in Maces & Flails
    78 | D        | Reached XP level 2. HP: 16/19 MP: 2/2
   243 | D        | Noticed a scorpion
   262 | D        | Killed a scorpion
   262 | D        | Reached * piety under Okawaru
   263 | D        | Reached skill level 8 in Maces & Flails
   263 | D        | Reached XP level 3. HP: 13/23 MP: 3/3
   263 | D        | Reached XP level 4. HP: 16/28 MP: 4/4
   268 | D        | Reached skill level 9 in Maces & Flails
   335 | D        | Noticed a flying skull
   343 | D        | Killed a flying skull
   343 | D        | Reached ** piety under Okawaru
   344 | D        | Reached skill level 12 in Maces & Flails
   344 | D        | Reached XP level 5. HP: 26/32 MP: 2/5
   344 | D        | Reached XP level 6. HP: 30/37 MP: 2/6
   353 | D        | Noticed a flying skull
   365 | D        | Killed a flying skull
   366 | D        | Reached skill level 13 in Maces & Flails
   366 | D        | Reached XP level 7. HP: 33/44 MP: 4/9
   613 | D        | Noticed a fire bat
   627 | D        | Killed a fire bat
   628 | D        | Reached skill level 5 in Fighting
   628 | D        | Reached skill level 5 in Armour
   628 | D        | Reached skill level 5 in Shields
   957 | D        | Reached *** piety under Okawaru
  1273 | D        | Noticed a guardian serpent
  1296 | D        | Reached XP level 8. HP: 33/51 MP: 8/11
  1302 | D        | Killed a guardian serpent
  1302 | D        | Reached **** piety under Okawaru
  1303 | D        | Reached skill level 5 in Invocations
  1621 | D        | Noticed a deep elf pyromancer
  1621 | D        | Noticed a wyvern
  1627 | D        | Killed a wyvern
  1628 | D        | Reached skill level 1 in Axes
  1638 | D        | Killed a deep elf pyromancer
  1639 | D        | Reached skill level 14 in Maces & Flails
  1639 | D        | Reached skill level 5 in Dodging
  1639 | D        | Reached XP level 9. HP: 47/57 MP: 11/13
  1781 | D        | Noticed an orange demon
  1792 | D        | Noticed a smoke demon
  1801 | D        | Killed an orange demon
  1801 | D        | Reached ***** piety under Okawaru
  1803 | D        | Killed a smoke demon
  1807 | D        | Received a gift from Okawaru
  1807 | D        | Found the +3 warlock's mirror {reflect}
  2081 | D        | Noticed a lindwurm
  2081 | D        | Noticed a hellwing
  2081 | D        | Noticed a smoke demon
  2085 | D        | Noticed an elephant
  2090 | D        | Killed a lindwurm
  2091 | D        | Reached skill level 5 in Axes
  2091 | D        | Reached XP level 10. HP: 15/66 MP: 14/16
  2097 | D        | Killed a smoke demon
  2111 | D        | Killed an elephant
  2130 | D        | HP: 3/67 [hellwing (2)]
  2132 | D        | Reached skill level 10 in Shields
  2451 | D        | Noticed Maurice
  2452 | D        | Noticed an orb spider
  2452 | D        | Noticed a death knight
  2457 | D        | an orb spider changed into a basilisk
  2460 | D        | Noticed a harpy
  2460 | D        | a basilisk changed into a harpy
  2463 | D        | Killed a death knight
  2464 | D        | Reached skill level 10 in Fighting
  2464 | D        | Reached skill level 10 in Armour
  2476 | D        | Killed a harpy
  2483 | D        | Killed Maurice
  2484 | D        | Reached skill level 10 in Invocations
  2633 | D        | Reached XP level 11. HP: 65/73 MP: 18/18
  2640 | D        | Received a gift from Okawaru
  2934 | D        | Noticed a flayed ghost
  2934 | D        | Noticed a merfolk aquamancer
  2980 | D        | Killed a flayed ghost
  3003 | D        | Killed a shadow wraith
  3018 | D        | Noticed a death cob
  3044 | D        | HP: 3/76 [death cob (15)]
  3046 | D        | Killed from afar by a merfolk aquamancer

Illustrated notes

Levels and vault maps discovered:
D:        pitsprint [storerooms_1, entrance_room_1, metal_vault_1, armoury_2,
          mini_pit_1, grid_room_1, main_hall_1, silver_pit, the_coven_3,
          the_vestibule_1, steel_vault_3, golden_pit, hallway_of_sentries,
          crystal_vault_5, iron_vault_1, final_vault]

Skill      XL: |  1  2  3  4  5  6  7  8  9 10 11 |
---------------+----------------------------------+-----
Maces & Flails | 5 8 12 13 14 | 14.1
Fighting       | 4 5 7 9 10 12 | 12.1
Armour         | 4 5 7 9 10 12 | 12.0
Dodging        | 2 3 5 6 7 9 |  9.1
Shields        | 4 6 7 9 10 12 | 12.3
Invocations    | 2 4 6 8 10 11 | 11.6
Axes           | 2 5 6 8 |  8.4

Action                   |  1- 3 |  4- 6 |  7- 9 | 10-12 || total
-------------------------+-------+-------+-------+-------++-------
Melee: Flail             |    40 |    24 |    73 |    67 ||   204
       War axe           |       |       |    21 |   136 ||   157
       Punch             |       |       |       |     3 ||     3
       Scimitar          |       |       |       |     3 ||     3
Invok: Heroism           |       |     1 |     5 |     2 ||     8
       Finesse           |       |       |       |     2 ||     2
  Use: Potion            |     2 |       |     5 |     4 ||    11
Armor: Scale mail        |    24 |     1 |       |       ||    25
       Chain mail        |       |     5 |    20 |       ||    25
       Plate armour      |       |       |    38 |   185 ||   223
Dodge: Dodged            |    29 |     9 |    45 |   120 ||   203
Block: Buckler           |    14 |     6 |    30 |    79 ||   129

Table legend: (Time is in decaauts)
 A = Elapsed time spent in this place.
 B = Non-inter-level travel time spent in this place.
 C = Inter-level travel time spent in this place.
 D = Time resting spent in this place.
 E = Time spent auto-exploring this place.
 F = Levels seen in this place.
 G = Mean time per level.
                   A        B        C        D        E       F      G
               +--------+--------+--------+--------+--------+-----+--------+
         Total |   2980 |   2924 |     56 |   2158 |      0 |   1 | 2980.0 |
       Dungeon |   2980 |   2924 |     56 |   2158 |      0 |   1 | 2980.0 |
               +--------+--------+--------+--------+--------+-----+--------+

Top non-repeatable levels by time:
       D: 2980 daAuts
